 Dungeon Crawl Stone Soup version 0.26.0-10-g1f06aea511 (webtiles) character file.

Game seed: 1684779114668369487

133 pasperui the Magician (level 4, -5/37 HPs)
             Began as a Draconian Hedge Wizard on Feb 5, 2021.
             Was an Initiate of Makhleb.
             Slain by a gnoll
             ... wielding a +0 flail
              (14 damage)
             ... on level 3 of the Dungeon.
             The game lasted 00:08:32 (3028 turns).

pasperui the Magician (Draconian Hedge Wizard)      Turns: 3028, Time: 00:08:33

Health: -5/37      AC:  6    Str: 13    XL:     4   Next: 93%
Magic:  10/10      EV: 12    Int: 14    God:    Makhleb [......]
Gold:   163        SH:  0    Dex: 11    Spells: 7/11 levels left

rFire    . . .     SeeInvis .   g - +0 short sword (speed)
rCold    . . .     Faith    .   (no shield)
rNeg     . . .     Spirit   .   (armour unavailable)
rPois    .         Reflect  .   b - +0 hat
rElec    .         Harm     .   (no cloak)
rCorr    .         Rampage  .   k - +0 pair of gloves
Will     .....                  (no boots)
Stlth    ++........             (no amulet)
HPRegen  0.12/turn              (no ring)
MPRegen  0.12/turn              (no ring)

@: flying
A: unfitting armour, cold-blooded, AC +5
a: Renounce Religion


You were on level 3 of the Dungeon.
You worshipped Makhleb.
Makhleb was noncommittal.
You visited 1 branch of the dungeon, and saw 3 of its levels.

You collected 163 gold pieces.

Inventory:

Hand Weapons
 g - a +0 short sword of speed (weapon)
Missiles
 c - 2 throwing nets
 f - 36 arrows
 i - 23 poisoned darts
 j - 69 stones
Armour
 b - a +0 hat (worn)
 k - a +0 pair of gloves (worn)
Scrolls
 a - a scroll of remove curse {unknown}
 d - a scroll of teleportation {unknown}
 e - 2 scrolls of identify {unknown}
 m - a scroll of amnesia {unknown}
Potions
 h - a potion of heal wounds
 l - 2 potions of flight
 o - a potion of attraction {unknown}


   Skills:
 - Level 2.8 Fighting
 - Level 2.0 Short Blades
 - Level 0.1(1.2) Long Blades
 - Level 1.7 Dodging
 - Level 1.7 Stealth
 - Level 4.0 Spellcasting
 * Level 1.3 Conjurations
 - Level 1.0 Summonings
 - Level 1.0 Translocations


You had 7 spell levels left.
You knew the following spells:

 Your Spells              Type           Power        Failure   Level
a - Magic Dart            Conj           24%          12%         1
b - Mephitic Cloud        Conj/Pois/Air  4%           43%         3

Your spell library contained the following spells:

 Spells                   Type           Power        Failure   Level
 Blink                    Tloc           N/A          19%         2
 Call Imp                 Summ           5%           19%         2
 Slow                     Hex            2%           28%         2
 Conjure Flame            Conj/Fire      4%           41%         3


Dungeon Overview and Level Annotations

Branches:
Dungeon (3/15)

Altars:
Makhleb


Innate Abilities, Weirdness & Mutations

Your plain brown scales are hard. (AC +5)
You cannot fit into any form of body armour.
You are cold-blooded and may be slowed by cold attacks.


Message History

The gnoll is moderately wounded.
You barely miss the gnoll.
You tail-slap the gnoll, but do no damage.
The gnoll is moderately wounded.
The gnoll hits you with a +0 flail!
You hit the gnoll.
The gnoll is heavily wounded.
You hit the gnoll.
The gnoll is heavily wounded.
The gnoll hits you with a +0 flail.
* * * LOW HITPOINT WARNING * * *
You hit the gnoll but do no damage.
The gnoll is heavily wounded.
It was a potion of flight.
You feel very buoyant.
You fly up into the air.
The gnoll misses you.
Unknown command.
It was a potion of magic.
Magic courses through your body. The gnoll hits you with a +0 flail!
You die...

########.##...####..
#........##...#####.
#.............#.....
#...........###.###.
#####.......# #.#...
######'#### #.#.## #######
#......# #.#.## .......
#.###### #.#†## ....... #@#
#.#.## ....... #g# #.#.##
....... ###g#### #.#.##
.......##.glr..########.#...
......glg......'........####
......r##.(.÷..##########...
....... #..÷..............##
###.### #.......############
# #.......##..........


You could see 3 gnolls, a leopard gecko and a quokka.

Vanquished Creatures
  A hound (D:2)
  A worker ant (D:2)
  An adder (D:2)
  2 worms
  2 dart slugs (D:1)
  3 leopard geckos
  An orc (D:3)
  2 bats
  4 giant cockroaches
  8 goblins
  5 hobgoblins
  5 jackals (D:1)
  A quokka (D:3)
  2 ball pythons
  2 frilled lizards (D:1)
  9 kobolds
  2 rats (D:1)
51 creatures vanquished.

Notes
Turn   | Place    | Note
-------+----------+-------------------------------------------
     0 | D:1      | pasperui the Draconian Hedge Wizard began the quest for the
                  | Orb.
     0 | D:1      | Reached XP level 1. HP: 14/14 MP: 4/4
    98 | D:1      | Reached XP level 2. HP: 9/22 MP: 3/6
   583 | D:1      | Reached XP level 3. HP: 26/27 MP: 8/8
   603 | D:1      | Reached skill level 4 in Spellcasting
   640 | D:1      | Reached skill level 1 in Fighting
  1669 | D:2      | Reached XP level 4. HP: 21/37 MP: 7/10
  1950 | D:2      | Found a burning altar of Makhleb.
  1967 | D:2      | Reached skill level 1 in Short Blades
  2000 | D:2      | Became a worshipper of Makhleb the Destroyer
  2664 | D:3      | Learned a level 3 spell: Mephitic Cloud
  3028 | D:3      | Slain by a gnoll

Illustrated notes

Levels and vault maps discovered:
D:1:      eino_arrival_druids_welcome, layout_basic, st_stairs_5
D:2:      layout_basic, st_stairs_13, makhleb_blood_cavern_becter
D:3:      layout_basic, uniq_ijyb

Skill      XL: |  1  2  3  4 |
---------------+-------------+-----
Spellcasting   | 4 |  4.0
Fighting       | 2 |  2.8
Short Blades   | 2 |  2.0
Long Blades    | |  0.1
Dodging        | |  1.7
Stealth        | |  1.7
Conjurations   | |  1.3
Summonings     | |  1.0
Translocations | |  1.0

Action                   |  1- 3 |  4- 6 || total
-------------------------+-------+-------++-------
Melee: Dagger            |    60 |       ||    60
       Tailslap          |    11 |     9 ||    20
       Short sword       |    63 |    95 ||   158
 Cast: Magic Dart        |    34 |     5 ||    39
  Use: Potion            |     2 |     2 ||     4
 Stab: Sleeping          |       |     1 ||     1
Armor: Skin              |    32 |    21 ||    53
Dodge: Dodged            |    79 |    48 ||   127
